 Dungeon Crawl Stone Soup version 0.26-a0-597-gb535b0901c (webtiles) character file.

Game seed: 5259370616496896280

336 graki42 the Insei (level 6, -12/47 HPs)
             Began as a Gnoll Transmuter on Aug 25, 2020.
             Mangled by Pikel
             ... wielding a +2 whip of electrocution
              (19 damage)
             ... on level 4 of the Dungeon.
             The game lasted 00:11:54 (3641 turns).

graki42 the Insei (Gnoll Transmuter)                Turns: 3641, Time: 00:11:55

Health: -12/47     AC:  4    Str: 15    XL:     6   Next: 54%
Magic:  12/14      EV: 14    Int: 15    God:
Gold:   121        SH:  0    Dex: 15    Spells: 12/15 levels left

rFire    . . .     SeeInvis .     - Unarmed
rCold    . . .     Faith    .   (no shield)
rNeg     . . .     Spirit   .   h - +0 troll leather armour
rPois    .         Reflect  .   (helmet currently unavailable)
rElec    .         Harm     .   (no cloak)
rCorr    .                      (no gloves)
MR       .....                  (boots currently unavailable)
Stlth    ++........             (no amulet)
HPRegen  0.55/turn              (no ring)
MPRegen  0.14/turn              (no ring)

@: appendages, wereblooded
A: distributed training, fangs 1, horns 2, talons 2, strong nose
a: End Transformation


You were on level 4 of the Dungeon.
You had grown temporary horns.
You had grown temporary talons.
You visited 1 branch of the dungeon, and saw 4 of its levels.
You also visited: Sewer.

You collected 121 gold pieces.

Inventory:

Hand Weapons
 i - a +1 antimagic trident
Armour
 a - a +0 robe
 h - a +0 troll leather armour (worn)
 l - a +0 pair of gloves
Jewellery
 m - a +6 ring of dexterity
Wands
 c - a wand of random effects (18)
Scrolls
 b - 2 scrolls of enchant weapon
 d - 5 scrolls of remove curse
 f - 3 scrolls of teleportation
 j - 2 scrolls of enchant armour
 k - a scroll of fear
 n - a scroll of fog
Potions
 g - 3 potions of curing
 p - 2 potions of flight
 q - a potion of heal wounds


   Skills:
 + Level 3.3 Fighting
 + Level 2.0 Short Blades
 + Level 2.0 Long Blades
 + Level 2.0 Axes
 + Level 2.0 Maces & Flails
 + Level 2.0 Polearms
 + Level 2.0 Staves
 + Level 2.0 Slings
 + Level 2.0 Bows
 + Level 2.0 Crossbows
 + Level 2.0 Throwing
 + Level 2.0 Armour
 + Level 5.0 Dodging
 + Level 2.0 Stealth
 + Level 2.0 Shields
 + Level 6.8 Unarmed Combat
 + Level 5.4 Spellcasting
 + Level 1.6 Conjurations
 + Level 1.6 Hexes
 + Level 1.6 Summonings
 + Level 1.6 Necromancy
 + Level 1.6 Translocations
 + Level 4.1 Transmutations
 + Level 1.6 Fire Magic
 + Level 1.6 Ice Magic
 + Level 1.6 Air Magic
 + Level 1.6 Earth Magic
 + Level 1.6 Poison Magic
 + Level 2.2 Invocations
 + Level 2.0 Evocations


You had 12 spell levels left.
You knew the following spells:

 Your Spells              Type           Power        Failure   Level
a - Beastly Appendage     Tmut           ###...       3%          1
b - Wereblood             Tmut           ###.....     5%          2

Your spell library contained the following spells:

 Spells                   Type           Power        Failure   Level
 Animate Skeleton         Necr           #.....       10%         1
 Pain                     Necr           #...         10%         1
 Spider Form              Tmut/Pois      ##........   19%         3
 Vampiric Draining        Necr           #.........   30%         3
 Ice Form                 Ice/Tmut       ##......     52%         4
 Blade Hands              Tmut           ###.......   67%         5
 Animate Dead             Necr           #.........   69%         4
 Agony                    Necr           #.......     95%         5


Dungeon Overview and Level Annotations

Branches:
Dungeon (4/15)              Sewer (visited)
 Temple: D:4-7

Altars:
Gozag
Ru
Uskayaw

Annotations:
D:4 Pikel


Innate Abilities, Weirdness & Mutations

Your experience applies equally to all skills.
You have very sharp teeth.
Your uncanny sense of smell can sniff out nearby items.
You have a pair of horns on your head.
You have razor-sharp toenails.


Message History

Pikel is lightly wounded.
Your horns disappear.
Your talons disappear.
Pikel hits you with a +2 whip of electrocution.
You hit Pikel.
Pikel is moderately wounded.
Pikel barely misses you.
You closely miss Pikel.
Pikel is moderately wounded.
Pikel hits you with a +2 whip of electrocution.
You are electrocuted!
* * * LOW HITPOINT WARNING * * *
Casting: Wereblood (safe; 5% risk of failure)
Confirm with . or Enter, or press ? or * to list all spells.
You grow a pair of large bovine horns.
Your feet morph into talons.
Pikel hits you with a +2 whip of electrocution.
* * * LOW HITPOINT WARNING * * *
Pikel hits you with a +2 whip of electrocution.
* * * LOW HITPOINT WARNING * * *
You are electrocuted!!
You die...

***,*,************
,,,,*,,,,,,,,,,..#
,**,*,*********#.#****
,**,*,,,,,,,∆,,...,,,*
.##.#####******#.#*,**
........# #!#*,*
,**,###.### #.#*,*
.#*,#.....# #K#*,*
.#*,#.#.#.# #@#*,#
.#*,#.#.#.######.##.#
..,,#.#.#.........(.#
.####.#)#######....##
.#....#..........#.#
.#.#############.#.#
..........,,,,,..#.#
##########*****..#,#
.......# *..#,*


You could see Pikel.

Vanquished Creatures
  A lemure (D:4)
  A big kobold (Sewer)
  Ijyb (D:4)
  An orc wizard (D:3)
  A worker ant (D:4)
  Robin (D:2)
  7 adders
  A river rat (Sewer)
  2 worms
  3 dart slugs
  3 leopard geckos
  3 orcs (D:3)
  5 giant cockroaches
  9 hobgoblins
  8 jackals
  13 kobolds
  2 quokkas
  5 bats
  4 frilled lizards
  15 goblins
  11 rats
97 creatures vanquished.

Notes
Turn   | Place    | Note
-------+----------+-------------------------------------------
     0 | D:1      | graki42 the Gnoll Transmuter began the quest for the Orb.
     0 | D:1      | Reached XP level 1. HP: 17/17 MP: 6/6
    68 | D:1      | Reached XP level 2. HP: 19/23 MP: 5/7
   598 | D:1      | Reached XP level 3. HP: 25/28 MP: 7/9
   648 | D:1      | Reached skill level 5 in Spellcasting
   804 | D:1      | Learned a level 2 spell: Wereblood
   985 | D:2      | Noticed Robin
   990 | D:2      | Reached skill level 1 in Invocations
   999 | D:2      | Killed Robin
   999 | D:2      | Reached skill level 1 in Short Blades
   999 | D:2      | Reached skill level 1 in Long Blades
   999 | D:2      | Reached skill level 1 in Axes
   999 | D:2      | Reached skill level 1 in Maces & Flails
   999 | D:2      | Reached skill level 1 in Polearms
   999 | D:2      | Reached skill level 1 in Staves
   999 | D:2      | Reached skill level 1 in Slings
   999 | D:2      | Reached skill level 1 in Bows
   999 | D:2      | Reached skill level 1 in Crossbows
   999 | D:2      | Reached skill level 1 in Throwing
   999 | D:2      | Reached skill level 1 in Armour
   999 | D:2      | Reached skill level 1 in Stealth
   999 | D:2      | Reached skill level 1 in Shields
   999 | D:2      | Reached skill level 1 in Evocations
  1186 | D:2      | Reached XP level 4. HP: 34/34 MP: 9/11
  1303 | D:2      | Found an opulent altar of Gozag.
  1428 | D:2      | Found a hide-covered altar of Uskayaw.
  1520 | D:2      | Reached skill level 1 in Conjurations
  1520 | D:2      | Reached skill level 1 in Hexes
  1520 | D:2      | Reached skill level 1 in Summonings
  1520 | D:2      | Reached skill level 1 in Necromancy
  1520 | D:2      | Reached skill level 1 in Translocations
  1520 | D:2      | Reached skill level 1 in Fire Magic
  1520 | D:2      | Reached skill level 1 in Ice Magic
  1520 | D:2      | Reached skill level 1 in Air Magic
  1520 | D:2      | Reached skill level 1 in Earth Magic
  1520 | D:2      | Reached skill level 1 in Poison Magic
  1765 | D:3      | Reached XP level 5. HP: 40/40 MP: 12/12
  2223 | D:3      | Found a sacrificial altar of Ru.
  2973 | D:4      | Noticed Ijyb
  2995 | D:4      | Killed Ijyb
  3044 | D:4      | Reached XP level 6. HP: 40/47 MP: 9/13
  3216 | D:4      | Found a glowing drain.
  3220 | Sewer    | Entered a sewer
  3317 | Sewer    | Reached skill level 5 in Dodging
  3390 | Sewer    | Found a glowing silver altar of Zin.
  3623 | D:4      | Noticed Pikel
  3641 | D:4      | Mangled by Pikel

Illustrated notes

Levels and vault maps discovered:
D:1:      scummos_arrival_forest, layout_loops_ring
D:2:      layout_loops_ring, lemuel_coloured_pillars_altar,
          lemuel_crystal_altar, uniq_robin
D:3:      layout_basic, nicolae_overflow_crystal_walls
D:4:      kennysheep_the_goblin_king, layout_basic, lightli_temple_of_fire,
          gup_sewer_entry_spiral, uniq_blork_the_orc, uniq_grinder, uniq_pikel

Skill      XL: |  1  2  3  4  5  6 |
---------------+-------------------+-----
Spellcasting   | 5 |  5.4
Invocations    | 1 2 |  2.2
Short Blades   | 1 2 |  2.0
Long Blades    | 1 2 |  2.0
Axes           | 1 2 |  2.0
Maces & Flails | 1 2 |  2.0
Polearms       | 1 2 |  2.0
Staves         | 1 2 |  2.0
Slings         | 1 2 |  2.0
Bows           | 1 2 |  2.0
Crossbows      | 1 2 |  2.0
Throwing       | 1 2 |  2.0
Armour         | 1 2 |  2.0
Stealth        | 1 2 |  2.0
Shields        | 1 2 |  2.0
Evocations     | 1 2 |  2.0
Conjurations   | 1 |  1.6
Hexes          | 1 |  1.6
Summonings     | 1 |  1.6
Necromancy     | 1 |  1.6
Translocations | 1 |  1.6
Fire Magic     | 1 |  1.6
Ice Magic      | 1 |  1.6
Air Magic      | 1 |  1.6
Earth Magic    | 1 |  1.6
Poison Magic   | 1 |  1.6
Fighting       | 3 |  3.3
Transmutations | 4 |  4.1
Dodging        | 5 |  5.0
Unarmed Combat | |  6.8

Action                   |  1- 3 |  4- 6 || total
-------------------------+-------+-------++-------
Melee: Unarmed           |    68 |   177 ||   245
       Kick              |    12 |    29 ||    41
       Headbutt          |    11 |    17 ||    28
       Bite              |     5 |    16 ||    21
       Punch             |       |     2 ||     2
 Cast: Beastly Appendage |    22 |    41 ||    63
       Wereblood         |       |     5 ||     5
  Use: Scroll            |       |    12 ||    12
       Potion            |       |     1 ||     1
 Stab: Sleeping          |     1 |     3 ||     4
Armor: Troll leather arm |     9 |    30 ||    39
       Robe              |     1 |       ||     1
Dodge: Dodged            |    46 |   123 ||   169

Table legend: (Time is in decaauts)
 A = Elapsed time spent in this place.
 B = Non-inter-level travel time spent in this place.
 C = Inter-level travel time spent in this place.
 D = Time resting spent in this place.
 E = Time spent auto-exploring this place.
 F = Levels seen in this place.
 G = Mean time per level.
                   A        B        C        D        E       F      G
               +--------+--------+--------+--------+--------+-----+--------+
         Total |   3671 |   3608 |     63 |    140 |   2613 |   5 |  734.2 |
       Dungeon |   3379 |   3316 |     63 |     98 |   2489 |   4 |  844.8 |
         Sewer |    292 |    292 |      0 |     42 |    124 |   1 |  292.0 |
               +--------+--------+--------+--------+--------+-----+--------+

Top non-repeatable levels by time:
     D:3: 1121 daAuts
     D:1: 885 daAuts
     D:2: 853 daAuts
     D:4: 519 daAuts
   Sewer: 292 daAuts
